 Dungeon Crawl Stone Soup version 0.31-a0-66-ge618eeaa78 (webtiles) character file.

Game seed: 16261513343328357155

8894 mopl the Destroyer (level 11, -24/74 HPs)
             Began as an Octopode Hedge Wizard on May 22, 2023.
             Was a Believer of Vehumet.
             Annihilated by a two-headed ogre
             ... wielding a +0 giant spiked club
              (30 damage)
             ... on level 10 of the Dungeon.
             The game lasted 00:25:00 (10103 turns).

mopl the Destroyer (Octopode Hedge Wizard)         Turns: 10103, Time: 00:25:00

Health: -24/74     AC:  1    Str:  9    XL:     11   Next: 38%
Magic:  15/23      EV: 15    Int: 27    God:    Vehumet [**....]
Gold:   630        SH:  0    Dex: 12    Spells: 18/27 levels left

rFire   . . .        a - +2 dagger (drain)
rCold   . . .        (no shield)
rNeg    + . .        b - +0 hat
rPois   +            f - amulet of magic regeneration
rElec   .            k - ring of poison resistance
rCorr   +            s - +6 ring of intelligence
SInv    .            D - ring of resist corrosion
Will    ++...        M - ring of positive energy
Stlth   +++          T - ring of willpower
HPRegen 0.32/turn    Y - ring of willpower
MPRegen 0.58/turn    (no ring)
                     (no ring)

%: no passive effects
@: on blink cooldown
A: almost no armour, amphibious, 8 rings, camouflage 1, gelatinous body 1,
(nimble swimmer 1), tentacles
a: Renounce Religion


You were on level 10 of the Dungeon.
You worshipped Vehumet.
Vehumet was pleased with you.
You visited 2 branches of the dungeon, and saw 11 of its levels.

You collected 630 gold pieces.

Inventory:

Hand Weapons
 a - a +2 dagger of draining (weapon)
 t - a +0 falchion of electrocution
 z - a +0 dagger
 F - a +2 dagger of pain
 L - a +1 dagger of holy wrath
 W - a +2 dagger of venom
 Z - a +2 scimitar of flaming
Missiles
 u - 5 silver boomerangs
 x - 6 boomerangs of dispersal
 B - 13 boomerangs
 K - 4 javelins
 N - 21 poisoned darts
Armour
 b - a +0 hat (worn)
 w - an orb of wrath
 Q - a +0 buckler
Magical Staves
 S - a staff of air
 V - a staff of death
Jewellery
 f - an amulet of magic regeneration (around mantle)
 h - an amulet of regeneration
 k - a ring of poison resistance (left tentacle)
 s - a +6 ring of intelligence (right tentacle)
 y - an amulet of reflection
 D - a ring of resist corrosion (on tentacle)
 M - a ring of positive energy (on tentacle)
 O - an amulet of faith {!P}
 T - a ring of willpower (on tentacle)
 Y - a ring of willpower (on tentacle)
Wands
 A - a wand of paralysis (5)
 G - a wand of polymorph (23)
 J - a wand of roots (5)
 X - a wand of quicksilver (5)
Scrolls
 d - 6 scrolls of teleportation
 g - 3 scrolls of amnesia {unknown}
 l - 3 scrolls of poison {unknown}
 n - 3 scrolls of enchant armour {unknown}
 o - 4 scrolls of fog {unknown}
 v - a scroll of immolation {unknown}
 C - a scroll of enchant weapon {unknown}
 E - a scroll of silence {!r}
 P - 2 scrolls of vulnerability {unknown}
 R - 2 scrolls of fear {unknown}
Potions
 c - 2 potions of magic
 e - a potion of might
 i - 2 potions of cancellation
 j - 3 potions of ambrosia
 m - 3 potions of heal wounds
 p - 3 potions of berserk rage {!q}
 q - 2 potions of curing
 r - a potion of resistance
 H - a potion of brilliance
 I - a potion of haste
 U - 3 potions of enlightenment


   Skills:
 + Level 6.9 Fighting
 + Level 7.1 Dodging
 - Level 2.6 Stealth
 + Level 1.0 Shields
 + Level 8.5 Spellcasting
 + Level 8.6 Conjurations
 - Level 1.0 Summonings
 - Level 3.0 Translocations
 + Level 4.3 Transmutations
 + Level 0.9 Air Magic
 - Level 5.0 Poison Magic
 + Level 3.2 Evocations


You had 18 spell levels left.
You knew the following spells:

 Your Spells              Type           Power      Damage    Failure   Level
a - Magic Dart            Conj           100%       1d8       1%          1
c - Mephitic Cloud        Conj/Pois/Air  30%        N/A       3%          3
e - Blink                 Tloc           54%        N/A       2%          2
g - Ignite Poison         Fire/Tmut/Pois 20%        N/A       8%          3

Your spell library contained the following spells:

 Spells                   Type           Power      Damage    Failure   Level
 Momentum Strike          Conj/Tloc      74%        3d10      1%          2
 Necrotise                Necr           44%        1d6       4%          1
 Slow                     Hex            44%        N/A       4%          1
 Call Imp                 Summ           32%        N/A       4%          2
 Cigotuvi's Dreadful Rot  Necr/Pois/Air  28%        N/A       6%          2
 Vampiric Draining        Necr           11%        2d6       16%         3
 Petrify                  Tmut/Erth      17%        N/A       30%         4
 Freezing Cloud           Conj/Ice/Air   10%        6-21      56%         5
 Agony                    Necr           11%        N/A       80%         5
 Metabolic Englaciation   Hex/Ice        2%         N/A       91%         5
 Statue Form              Tmut/Erth      11%        N/A       99%         6


Dungeon Overview and Level Annotations

Branches:
Dungeon (10/15)            Temple (1/1) D:7            Lair (0/5) D:8
    Orc (0/2) D:10

Altars:
Ashenzari
Cheibriados
Elyvilon
Fedhas
Hepliaklqana
Makhleb
Okawaru
Sif Muna
Uskayaw
Vehumet
Wu Jian
Xom
Yredelemnul

Shops:
D:7 [


Innate Abilities, Weirdness & Mutations

You cannot wear most types of armour.
You are amphibious.
You can wear up to eight rings at the same time.
Your skin changes colour to match your surroundings (Stealth+).
Your rubbery body absorbs attacks. (AC +1, EV +1)
((You are camouflaged when in or above water. (Stealth+)))
You have tentacles for arms and can constrict up to eight enemies at once.


Message History

Aim: a two-headed ogre, wielding a +0 giant spiked club and a +0 giant club (chance to affect: 53%)
The ball explodes into a vile cloud!
The stinking cloud engulfs the two-headed ogre but does no damage.
You hear a bellow! x2
The two-headed ogre is engulfed in noxious fumes.
You hear a shout! x2
Casting: Mephitic Cloud (dangerous; 3% risk of failure)
Confirm with . or Enter, or press ? or * to list all spells.
Aiming: Mephitic Cloud (dangerous; 3% risk of failure)
Press: ? - help, Shift-Dir - straight line, p - two-headed ogre The ball explodes into a vile cloud!
The stinking cloud engulfs the two-headed ogre but does no damage.
You hear a bellow! x3
The two-headed ogre is engulfed in noxious fumes.
Unknown command.
Casting: Mephitic Cloud (dangerous; 3% risk of failure)
Confirm with . or Enter, or press ? or * to list all spells.
You ignite the poison in your surroundings!
The two-headed ogre is engulfed in blazing flames.
Casting: Ignite Poison (dangerous; 8% risk of failure)
Confirm with . or Enter, or press ? or * to list all spells.
You blink.
You are engulfed in blazing flames.
The two-headed ogre is engulfed in blazing flames.
The two-headed ogre hits you with a +0 giant spiked club!
The two-headed ogre barely misses you.
Unknown command.
Casting: Blink (safe; 2% risk of failure)
Confirm with . or Enter, or press ? or * to list all spells.
Okay, then.
Unknown command.
Aiming: Paralyse
Press: ? - help, Shift-Dir - straight line, f - two-headed ogre
Aim: a two-headed ogre, wielding a +0 giant spiked club and a +0 giant club (flame, moderately wounded, chance to affect: 39%)
The two-headed ogre resists with some effort.
You are engulfed in blazing flames.
* * * LOW HITPOINT WARNING * * *
The two-headed ogre is engulfed in blazing flames.
The two-headed ogre misses you.
The two-headed ogre hits you with a +0 giant club!!
You die...

.#..#....### .
..##..## #..#
.... ##.##
.... #..###
.... ##...###
O.# ###...###
..#
###...#####..#
###§O@☼○...#
###○☼...##
###...# +##.#
.# #


You could see a two-headed ogre.

Vanquished Creatures
  Erica (D:9)
  Maurice (D:9)
  Psyche (D:9)
  A komodo dragon (D:10)
  4 trolls
  Prince Ribbit (D:7)
  A shadow (D:10)
  A wyvern (D:8)
  11 yaks
  3 steam dragons
  2 water moccasins
  Duvessa (D:5)
  3 orc warriors
  A sky beast (D:8)
  5 ogres (D:6)
  3 wolves (D:8)
  6 centaurs
  A phantom (D:4)
  2 kobold brigands
  2 bullfrogs
  2 scorpions
  A water moccasin zombie (D:4)
  Dowan (D:5)
  5 killer bees (D:8)
  6 jellies
  A howler monkey (D:7)
  3 electric eels (D:8)
  A centaur zombie (D:4)
  3 orc priests
  13 hounds
  3 sleepcaps
  3 gnoll boudas (D:6)
  3 iguanas
  7 orc wizards
  2 hound zombies (D:4)
  10 gnolls
  8 adders
  A howler monkey skeleton (D:4)
  A shadow imp (D:7)
  4 white imps
  An ufetubus (D:5)
  2 dart slugs
  22 orcs
  4 bats
  7 endoplasms
  A giant cockroach (D:3)
  12 hobgoblins
  3 quokkas
  16 ball pythons
  5 goblins
  14 kobolds
  A quokka skeleton (D:4)
  4 rats
221 creatures vanquished.

Vanquished Creatures (others)
  An orc wizard (D:8)
  2 orcs (D:8)
3 creatures vanquished.

Grand Total: 224 creatures vanquished

Notes
Turn   | Place    | Note
-------+----------+-------------------------------------------
     0 | D:1      | mopl the Octopode Hedge Wizard began the quest for the Orb.
     0 | D:1      | Reached XP level 1. HP: 11/11 MP: 4/4
   188 | D:1      | Reached XP level 2. HP: 3/17 MP: 1/6
   251 | D:1      | Learned a level 2 spell: Blink
   643 | D:1      | Reached XP level 3. HP: 21/21 MP: 5/7
   871 | D:2      | Reached skill level 2 in Conjurations
   981 | D:2      | Reached skill level 2 in Translocations
  1081 | D:2      | Found a shimmering altar of Xom.
  1160 | D:2      | Reached XP level 4. HP: 26/27 MP: 6/9
  1802 | D:3      | Reached XP level 5. HP: 31/31 MP: 7/10
  1965 | D:3      | Reached skill level 4 in Spellcasting
  2469 | D:4      | Reached skill level 3 in Conjurations
  2469 | D:4      | Reached skill level 3 in Translocations
  2635 | D:4      | Reached XP level 6. HP: 18/36 MP: 8/12
  2862 | D:4      | HP: 1/35 [frozen (5)]
  3002 | D:4      | Reached skill level 4 in Conjurations
  3153 | D:4      | Reached skill level 5 in Spellcasting
  3153 | D:4      | Reached XP level 7. HP: 32/41 MP: 8/14
  3501 | D:5      | Entered Level 5 of the Dungeon
  3634 | D:5      | Found a hide-covered altar of Uskayaw.
  3785 | D:5      | Reached skill level 5 in Conjurations
  3791 | D:5      | Noticed Duvessa
  3791 | D:5      | Noticed Dowan
  3803 | D:5      | Learned a level 3 spell: Mephitic Cloud
  3896 | D:5      | Reached skill level 1 in Poison Magic
  3908 | D:5      | Reached skill level 1 in Fighting
  4091 | D:5      | Reached XP level 8. HP: 48/48 MP: 13/16
  4241 | D:5      | Killed Duvessa
  4242 | D:5      | Reached skill level 2 in Poison Magic
  4255 | D:4      | Reached skill level 6 in Spellcasting
  4415 | D:5      | Killed Dowan
  4416 | D:5      | Reached skill level 2 in Fighting
  4507 | D:6      | Reached skill level 3 in Dodging
  4626 | D:6      | Found a white marble altar of Elyvilon.
  4809 | D:6      | Reached skill level 3 in Fighting
  4809 | D:6      | Reached skill level 6 in Conjurations
  4949 | D:6      | Reached skill level 4 in Dodging
  4972 | D:6      | Reached XP level 9. HP: 24/57 MP: 15/19
  5206 | D:6      | Reached skill level 4 in Fighting
  5360 | D:6      | Reached skill level 7 in Spellcasting
  5571 | D:6      | Reached skill level 5 in Dodging
  5594 | D:6      | Reached skill level 7 in Conjurations
  5972 | D:6      | Learned a level 3 spell: Ignite Poison
  6293 | D:7      | Found a staircase to the Ecumenical Temple.
  6306 | Temple   | Entered the Ecumenical Temple
  6315 | Temple   | Became a worshipper of Vehumet
  6368 | D:7      | Noticed Prince Ribbit
  6378 | D:7      | Killed Prince Ribbit
  6379 | D:7      | Reached skill level 1 in Transmutations
  6382 | D:7      | Found Gag Sak's Armour Emporium.
  6430 | D:7      | Found a burning altar of Makhleb.
  6430 | D:7      | Found a snail-covered altar of Cheibriados.
  6739 | D:7      | Found a broken altar of Ashenzari.
  6944 | D:7      | Found an iron altar of Okawaru.
  7134 | D:8      | Noticed a troll
  7146 | D:8      | Killed a troll
  7147 | D:8      | Reached skill level 5 in Fighting
  7147 | D:8      | Reached skill level 3 in Poison Magic
  7294 | D:8      | Reached XP level 10. HP: 61/66 MP: 14/21
  7297 | D:8      | Reached skill level 2 in Transmutations
  7335 | D:8      | Found a staircase to the Lair.
  7552 | D:8      | Reached * piety under Vehumet
  7552 | D:8      | Offered knowledge of Shock by Vehumet.
  7580 | D:8      | Reached skill level 6 in Dodging
  7590 | D:8      | Reached skill level 4 in Poison Magic
  7995 | D:8      | Reached skill level 3 in Transmutations
  8272 | D:8      | Reached skill level 8 in Spellcasting
  8418 | D:9      | Noticed Erica
  8422 | D:9      | Noticed Maurice
  8427 | D:8      | Reached skill level 6 in Fighting
  8434 | D:8      | Reached skill level 8 in Conjurations
  8645 | D:9      | Reached skill level 1 in Evocations
  8767 | D:9      | Offered knowledge of Momentum Strike by Vehumet.
  8798 | D:9      | Reached ** piety under Vehumet
  9039 | D:9      | Reached skill level 2 in Evocations
  9051 | D:9      | Killed Maurice
  9052 | D:9      | Reached XP level 11. HP: 66/74 MP: 16/23
  9243 | D:9      | Reached skill level 5 in Poison Magic
  9244 | D:9      | Reached skill level 4 in Transmutations
  9295 | D:9      | Killed Erica
  9296 | D:9      | Reached skill level 7 in Dodging
  9430 | D:9      | Found an ornate altar of the Wu Jian Council.
  9434 | D:9      | Noticed Psyche
  9441 | D:9      | Killed Psyche
  9499 | D:9      | Found a hazy altar of Hepliaklqana.
  9613 | D:10     | Entered Level 10 of the Dungeon
  9613 | D:10     | Found a staircase to the Orcish Mines.
  9966 | D:10     | Reached skill level 3 in Evocations
  9982 | D:10     | Reached skill level 1 in Shields
 10093 | D:10     | Noticed a two-headed ogre
 10103 | D:10     | Annihilated by a two-headed ogre

Illustrated notes

Levels and vault maps discovered:
D:1:      scummos_arrival_hexagon, layout_loops_ring
D:2:      layout_basic, basic_altar, kennysheep_pointless_box
D:3:      layout_loops_ring
D:4:      layout_loops_ring, serial_undead, serial_undead_b, serial_undead_a,
          serial_undead_c, serial_undead_c
D:5:      layout_basic, nicolae_uskayaw_murder_on_the_dancefloor,
          minmay_misc_feat_chi, kennysheep_diamond, uniq_duvessa
D:6:      kennysheep_housing_project, layout_loops_ring,
          nicolae_elyvilon_temple_path
D:7:      cheibrodos_helix_gallery, layout_loops_ring,
          okawaru_altar_gauntlet_db, mainiacjoe_overflow_six_doors_small,
          nicolae_overflow_squiral, minmay_temple_entry_mini_moons,
          serial_shops, nicolae_shop_tiny_real_fake_doors, uniq_prince_ribbit1
D:8:      layout_basic, erik_lair_island, dreamdust_mushroom_princess,
          minmay_increasing_density
D:9:      layout_basic, nzn_wu_jian_contemplation, mainiacjoe_overflow_alcove_2,
          uniq_psyche, uniq_erica, uniq_maurice
D:10:     minmay_the_grid_four_pointed_star
          [minmay_the_grid_triangle_9x9_negative_grid,
          minmay_the_grid_triangle_9x9_corruption,
          minmay_the_grid_triangle_9x9_sparse_checkered,
          minmay_the_grid_triangle_9x9_dagger,
          minmay_the_grid_prize_inner_circle], layout_rooms, minivault_24
Temple:   nicolae_temple_superstar

Skill      XL: |  1  2  3  4  5  6  7  8  9 10 11 |
---------------+----------------------------------+-----
Conjurations   | 2 3 4 5 6 7 8 |  8.6
Translocations | 2 3 |  3.0
Spellcasting   | 4 5 6 7 8 |  8.5
Poison Magic   | 1 2 3 4 5 |  5.0
Fighting       | 1 3 5 6 |  6.9
Dodging        | 4 5 6 7 |  7.1
Transmutations | 1 3 4 |  4.3
Evocations     | 2 3 |  3.2
Shields        | 1 |  1.0
Stealth        | |  2.6
Summonings     | |  1.0
Air Magic      | |  0.9

Action                     |  1- 3 |  4- 6 |  7- 9 | 10-12 || total
---------------------------+-------+-------+-------+-------++-------
  Melee: Dagger            |    29 |    60 |   104 |    84 ||   277
         Constrict         |     4 |    12 |    25 |    17 ||    58
         Tentacles         |     3 |    15 |    22 |    25 ||    65
         Unarmed           |       |       |     6 |       ||     6
         Punch             |       |       |     2 |     3 ||     5
   Cast: Magic Dart        |    57 |    92 |   256 |   119 ||   524
         Blink             |       |     1 |       |     3 ||     4
         Mephitic Cloud    |       |       |    28 |    54 ||    82
         Ignite Poison     |       |       |     2 |    28 ||    30
  Evoke: Wand              |       |       |       |     4 ||     4
    Use: Scroll            |       |     1 |     7 |     5 ||    13
   Stab: Sleeping          |     7 |       |     3 |       ||    10
         Confused          |       |       |     8 |     4 ||    12
 Armour: Skin              |     2 |     9 |     7 |     6 ||    24
  Dodge: Dodged            |    13 |    61 |    84 |    98 ||   256

Table legend: (Time is in decaauts)
 A = Elapsed time spent in this place.
 B = Non-inter-level travel time spent in this place.
 C = Inter-level travel time spent in this place.
 D = Time resting spent in this place.
 E = Time spent auto-exploring this place.
 F = Levels seen in this place.
 G = Mean time per level.
                   A        B        C        D        E       F      G
               +--------+--------+--------+--------+--------+-----+--------+
         Total |  10109 |   9461 |    648 |   1886 |   5429 |  11 |  919.0 |
       Dungeon |  10092 |   9451 |    641 |   1886 |   5429 |  10 | 1009.2 |
        Temple |     16 |      9 |      7 |      0 |      0 |   1 |   16.0 |
               +--------+--------+--------+--------+--------+-----+--------+

Top non-repeatable levels by time:
     D:6: 1595 daAuts
     D:8: 1497 daAuts
     D:9: 1192 daAuts
     D:4: 1127 daAuts
     D:2: 930 daAuts
     D:3: 887 daAuts
     D:5: 870 daAuts
     D:1: 826 daAuts
     D:7: 823 daAuts
    D:10: 341 daAuts
  Temple: 16 daAuts
